 Dungeon Crawl Stone Soup version 0.27.0-1-g7a089689b8 (webtiles) character file.

Game seed: 7578447767236289410

7 Spectrina the Magician (level 2, -1/21 HPs)
             Began as a Djinni Necromancer on Aug 17, 2021.
             Slain by a hobgoblin (2 damage)
             ... on level 1 of the Dungeon.
             The game lasted 00:01:09 (125 turns).

Spectrina the Magician (Djinni Necromancer)          Turns: 125, Time: 00:01:10

Health: -1/21      AC:  2    Str:  7    XL:     2   Next: 5%
Gold:   62         EV: 12    Int: 16    God:
                   SH:  0    Dex: 13

rFire    + + .     SeeInvis .   b - +0 dagger
rCold    x . .     Faith    .   (no shield)
rNeg     . . .     Spirit   .   a - +0 robe
rPois    ∞         Reflect  .   (no helmet)
rElec    .         Harm     .   (no cloak)
rCorr    .         Rampage  .   (no gloves)
Will     .....                  (boots unavailable)
Stlth    ++........             (no amulet)
HPRegen  0.07/turn              (no ring)
MPRegen  0.00/turn              (no ring)

@: flying
A: sickness immunity, fire resistance 2, cold vulnerability 1, float, innate
caster, hp casting, extra vitality 1
a: no special abilities


You were on level 1 of the Dungeon.
You visited 1 branch of the dungeon, and saw 1 of its levels.

You collected 62 gold pieces.

Inventory:

Hand Weapons
 b - a +0 dagger (weapon)
Missiles
 d - 52 arrows
Armour
 a - a +0 robe (worn)
Potions
 c - a potion of flight {unknown}


   Skills:
 - Level 2.1 Dodging
 - Level 1.5 Stealth
 + Level 3.5 Spellcasting


You couldn't memorise any spells.
You knew the following spells:

 Your Spells              Type           Power      Damage    Failure   Level
a - Pain                  Necr           56%        1d6       4%          1
b - Animate Skeleton      Necr           28%        N/A       4%          1
c - Vampiric Draining     Necr           7%         2d7       12%         3
d - Animate Dead          Necr           7%         N/A       38%         4
e - Agony                 Necr           14%        N/A       75%         5
Your spell library was empty.

Dungeon Overview and Level Annotations

Branches:
Dungeon (1/15)

Altars:


Innate Abilities, Weirdness & Mutations

You are immune to sickness and miasma.
You are immune to poison.
Your flesh is very heat resistant. (rF++)
You are vulnerable to cold. (rC-)
You float through the air rather than walking.
You learn spells naturally, not from books.
Your magical power is your life essence.
You have superior vitality. (+4 HP)


Message History

Press: ? - help, Shift-Dir - straight line, f/p - endoplasm
Aim: an endoplasm (almost dead, chance to affect: 85%)
The endoplasm writhes in agony.
You kill the endoplasm!
* * * LOW HITPOINT WARNING * * *
You have reached level 2!
Found 29 arrows.
Found 10 gold pieces.
Found a leather armour.
You now have 40 gold pieces (gained 10).
Found 12 gold pieces.
You now have 50 gold pieces (gained 10).
Found a mace.
You now have 62 gold pieces (gained 12).
A hobgoblin comes into view.
The hobgoblin shouts!
Casting: Pain (safe; 4% risk of failure)
Confirm with . or Enter, or press ? or * to list all spells.
You can't see any susceptible monsters within range! (Use Z to cast anyway.) Unknown command.
You see here 29 arrows.
d - 52 arrows (gained 29)
A giant cockroach comes into view.
Casting: Pain (safe; 4% risk of failure)
Confirm with . or Enter, or press ? or * to list all spells.
Aiming: Pain (safe; 4% risk of failure)
Press: ? - help, Shift-Dir - straight line, f - hobgoblin
Aim: a hobgoblin (chance to affect: 85%)
The hobgoblin writhes in agony.
* * * LOW HITPOINT WARNING * * *
Unknown command.
Casting: Pain (safe; 4% risk of failure)
Confirm with . or Enter, or press ? or * to list all spells.
Aiming: Pain (safe; 4% risk of failure)
Press: ? - help, Shift-Dir - straight line, f/p - hobgoblin
Aim: a hobgoblin (moderately wounded, chance to affect: 85%)
The hobgoblin writhes in agony.
* * * LOW HITPOINT WARNING * * *
The hobgoblin hits you.
You die...

.g.....#.............#..##8
.........................##
...........................
.##........##..............
#####...#####............
.................##......
.........................
.....#..g........##......
.....#..@........##......
##.# #...........##......
#B..............##......
###.##..........##...... #.
#......... #...... #
#......... #......
#......... #######
#......... #........


You could see a hobgoblin.

Vanquished Creatures
  An endoplasm (D:1)
  A giant cockroach (D:1)
  2 goblins (D:1)
  A bat (D:1)
  A kobold (D:1)
6 creatures vanquished.

Notes
Turn   | Place    | Note
-------+----------+-------------------------------------------
     0 | D:1      | Spectrina the Djinni Necromancer began the quest for the
                  | Orb.
     0 | D:1      | Reached XP level 1. HP: 15/15 MP: 0/0
    83 | D:1      | Reached XP level 2. HP: 1/21 MP: 0/0
   125 | D:1      | Slain by a hobgoblin

Illustrated notes

Levels and vault maps discovered:
D:1:      lightli_arrival_noodles, layout_basic, shapermc_ecumenical_altar_petra

Action                   || total
-------------------------++-------
Melee: Dagger            ||     1
 Cast: Pain              ||    13
Dodge: Dodged            ||     1
